 Dungeon Crawl Stone Soup version 0.29-a0-512-gf59ac788ac (webtiles) character file.

Game seed: 9361364444615985719

12662 Mikaeshin the Severer (level 11, -2/99 HPs)
             Began as a Minotaur Berserker on May 29, 2022.
             Was an Elder of Trog.
             Slain by a boulder beetle (18 damage)
             ... on level 11 of the Dungeon.
             The game lasted 00:20:30 (11594 turns).

Mikaeshin the Severer (Minotaur Berserker)         Turns: 11594, Time: 00:20:30

Health: -2/99      AC: 17    Str: 22    XL:     11   Next: 65%
Magic:  10/10      EV:  8    Int:  4    God:    Trog [****..]
Gold:   926        SH:  0    Dex: 14    Spells: 10/10 levels left

rFire   . . .      SeeInvis .   r - +4 battleaxe
rCold   . . .      Faith    .   (shield currently unavailable)
rNeg    . . .      Spirit   .   m - +0 plate armour
rPois   .          Reflect  .   (helmet restricted)
rElec   .          Harm     .   n - scarf {repulsion}
rCorr   .          Rampage  .   (no gloves)
Will    .....                   F - +0 pair of boots
Stlth   ..........              (no amulet)
HPRegen 0.26/turn               (no ring)
MPRegen 0.12/turn               (no ring)

@: on berserk cooldown, slowed, repel missiles, very slow
A: horns 2, retaliatory headbutt
a: Renounce Religion, Berserk, Trog's Hand, Brothers in Arms


You were on level 11 of the Dungeon.
You worshipped Trog.
Trog was greatly pleased with you.
You visited 2 branches of the dungeon, and saw 12 of its levels.

You collected 1140 gold pieces.
You spent 214 gold pieces at shops.

Inventory:

Hand Weapons
 j - a +0 war axe
 r - a +4 battleaxe (weapon)
 E - a +3 war axe
Missiles
 u - a throwing net (quivered)
Armour
 f - a +0 scale mail
 h - a +1 ring mail of cold resistance
 m - a +0 plate armour (worn)
 n - a scarf of repulsion (worn)
 F - a +0 pair of boots (worn)
Jewellery
 o - a +4 ring of evasion
Wands
 e - a wand of polymorph (5)
 g - a wand of iceblast (4)
 x - a wand of digging (3)
 y - a wand of paralysis (8)
Scrolls
 d - 3 scrolls of identify
 k - 6 scrolls of teleportation
 q - a scroll of enchant armour
 t - a scroll of immolation {unknown}
 v - 3 scrolls of torment {unknown}
 w - a scroll of vulnerability {unknown}
 A - a scroll of amnesia {unknown}
 B - a scroll of magic mapping {unknown}
 C - a scroll of fog {unknown}
Potions
 a - 2 potions of flight
 b - 9 potions of curing
 c - 5 potions of attraction
 i - 2 potions of mutation
 l - a potion of invisibility
 s - a potion of haste
 z - 2 potions of lignification {unknown}
 D - a potion of degeneration {unknown}


   Skills:
 + Level 10.1 Fighting
 * Level 15.9 Axes
 + Level 13.0 Armour
 - Level 2.6 Dodging


You had 10 spell levels left.
You didn't know any spells.
Your spell library was empty.

Dungeon Overview and Level Annotations

Branches:
Dungeon (11/15)            Temple (1/1) D:5            Lair (0/6) D:11
    Orc (0/2) D:9

Altars:
Ashenzari
Cheibriados
Dithmenos
Elyvilon
Fedhas
Gozag
Hepliaklqana
Kikubaaqudgha
Makhleb
Nemelex Xobeh
Okawaru
Qazlal
Ru
Sif Muna
Trog
Uskayaw
Vehumet
Wu Jian
Xom
Yredelemnul
Zin
The Shining One

Shops:
D:5 ?


Innate Abilities, Weirdness & Mutations

You have a pair of horns on your head.
You reflexively headbutt those who attack you in melee.


Message History

The vampire mosquito closely misses you. x2
The vampire mosquito bites you but does no damage.
You feel much better. The vampire mosquito bites you.
The vampire mosquito draws strength from your injuries!
The vampire mosquito bites you!
The vampire mosquito draws strength from your injuries!
The vampire mosquito bites you but does no damage.
The vampire mosquito bites you!
The vampire mosquito draws strength from your injuries!
The vampire mosquito bites you!
* * * LOW HITPOINT WARNING * * *
The vampire mosquito draws strength from your injuries!
The vampire mosquito bites you.
* * * LOW HITPOINT WARNING * * *
The vampire mosquito draws strength from your injuries!
The vampire mosquito closely misses you.
The vampire mosquito barely misses you.
The vampire mosquito bites you but does no damage.
As you read the scroll of teleportation, it crumbles to dust.
You feel strangely unstable. The vampire mosquito bites you.
* * * LOW HITPOINT WARNING * * *
The vampire mosquito draws strength from your injuries!
The vampire mosquito bites you but does no damage.
The vampire mosquito completely misses you.
The vampire mosquito bites you.
* * * LOW HITPOINT WARNING * * *
The vampire mosquito draws strength from your injuries!
The vampire mosquito bites you but does no damage. x2
The vampire mosquito barely misses you. The vampire mosquito bites you.
* * * LOW HITPOINT WARNING * * *
The vampire mosquito draws strength from your injuries!
The vampire mosquito attacks as you move away!
The vampire mosquito closely misses you.
Your surroundings suddenly seem different.
A manticore and a boulder beetle come into view.
Found 14 gold pieces and a fuming red potion.
Found a stone staircase leading up.
The boulder beetle waves its antennae.
The boulder beetle bites you!!
You die...

##.. #..!
#.H. #...
#... ##...##
#..<..#
#....@#
#$...B......#
#.....#######
#.....#
#.....#
#.....#
#######


You could see a boulder beetle and a manticore.

Vanquished Creatures
  Erolcha (D:9)
  Erica (D:8)
  2 two-headed ogres
  A harpy (shapeshifter) (D:8)
  An ugly thing (D:11)
  A gargoyle (D:11)
  3 kobold demonologists (D:10)
  An unseen horror (D:10)
  A troll (D:10)
  7 yaks
  2 wyverns
  2 vampires
  Grum (D:8)
  A steam dragon (D:8)
  4 vampire mosquitoes
  2 wargs (D:11)
  2 water moccasins
  4 orc warriors
  A black bear (D:6)
  2 ogres
  3 centaurs
  4 wolves (D:8)
  2 phantoms
  3 kobold brigands
  3 bullfrogs
  4 necrophages
  2 scorpions (D:6)
  19 wights
  A killer bee (D:8)
  2 howler monkeys (D:7)
  A jelly (D:6)
  3 orc priests
  3 hounds
  3 iguanas
  13 orc wizards
  6 gnolls
  8 adders
  A white imp (D:6)
  2 worms
  5 dart slugs
  41 orcs
  6 ball pythons
  4 bats
  6 endoplasms
  6 giant cockroaches
  9 goblins
  9 hobgoblins
  14 jackals
  13 kobolds
  6 quokkas
  3 frilled lizards
  4 rats
249 creatures vanquished.

Vanquished Creatures (collateral kills)
  A boulder beetle (D:11)
  A gargoyle (D:11)
2 creatures vanquished.

Grand Total: 251 creatures vanquished

Notes
Turn   | Place    | Note
-------+----------+-------------------------------------------
     0 | D:1      | Mikaeshin the Minotaur Berserker began the quest for the
                  | Orb.
     0 | D:1      | Reached XP level 1. HP: 19/19 MP: 0/0
    12 | D:1      | HP: 1/20 [jackal (1)]
    14 | D:1      | Reached XP level 2. HP: 2/27 MP: 1/1
   479 | D:1      | Reached skill level 4 in Axes
   613 | D:1      | Reached XP level 3. HP: 30/33 MP: 2/2
   679 | D:1      | Reached ** piety under Trog
   680 | D:1      | Found a faded altar of an unknown god.
  1071 | D:2      | Found an opulent altar of Gozag.
  1355 | D:2      | Noticed Sigmund
  1360 | D:2      | Noticed Sigmund
  1360 | D:2      | Sigmund changed into Sigmund the hound
  1365 | D:2      | Killed Sigmund the hound
  1366 | D:2      | Reached XP level 4. HP: 35/40 MP: 3/3
  1779 | D:3      | Reached skill level 5 in Axes
  2217 | D:3      | Reached XP level 5. HP: 38/46 MP: 4/4
  2217 | D:3      | Reached *** piety under Trog
  2567 | D:4      | Reached skill level 5 in Armour
  2749 | D:4      | Reached skill level 6 in Axes
  2759 | D:4      | Reached XP level 6. HP: 40/52 MP: 5/5
  3276 | D:5      | Entered Level 5 of the Dungeon
  3452 | D:5      | Found Xogg's Magic Scroll Emporium.
  3462 | D:5      | Bought a scroll of teleportation for 39 gold pieces
  3462 | D:5      | Bought a scroll of teleportation for 39 gold pieces
  3462 | D:5      | Bought a scroll of teleportation for 39 gold pieces
  3462 | D:5      | Bought a scroll of enchant armour for 97 gold pieces
  3799 | D:5      | Identified a scroll of acquirement
  3799 | D:5      | Acquired 580 gold pieces
  4024 | D:5      | Found a staircase to the Ecumenical Temple.
  4109 | D:5      | Reached skill level 7 in Axes
  4109 | D:5      | Reached XP level 7. HP: 51/58 MP: 6/6
  4512 | D:5      | Found a snail-covered altar of Cheibriados.
  4713 | Temple   | Entered the Ecumenical Temple
  5101 | D:6      | Reached **** piety under Trog
  5128 | D:6      | Reached skill level 8 in Axes
  5198 | D:6      | Reached XP level 8. HP: 37/66 MP: 7/7
  5592 | D:6      | Reached skill level 9 in Axes
  6309 | D:7      | Reached skill level 10 in Axes
  6390 | D:7      | Reached XP level 9. HP: 53/72 MP: 8/8
  6681 | D:7      | Reached skill level 5 in Fighting
  7070 | D:8      | Noticed Erica
  7081 | D:8      | Killed Erica
  7082 | D:8      | Reached skill level 11 in Axes
  7082 | D:8      | Reached skill level 10 in Armour
  7150 | D:8      | Noticed Grum
  7157 | D:8      | Killed Grum
  7158 | D:8      | Reached skill level 12 in Axes
  7787 | D:8      | Noticed a two-headed ogre
  7797 | D:8      | Reached XP level 10. HP: 81/84 MP: 9/9
  7800 | D:8      | Killed a two-headed ogre
  7812 | D:8      | Reached skill level 13 in Axes
  8211 | D:8      | Noticed a harpy
  8218 | D:8      | Killed a harpy
  8723 | D:9      | Found a staircase to the Orcish Mines.
  8893 | D:9      | Reached skill level 14 in Axes
  8986 | D:9      | Reached ***** piety under Trog
  9275 | D:9      | Noticed Erolcha
  9285 | D:9      | Killed Erolcha
  9639 | D:10     | Entered Level 10 of the Dungeon
  9639 | D:10     | Noticed a two-headed ogre
  9647 | D:10     | Killed a two-headed ogre
  9648 | D:10     | Reached XP level 11. HP: 97/97 MP: 10/10
  9658 | D:10     | Noticed a sun demon
 10007 | D:10     | Reached skill level 15 in Axes
 11495 | D:11     | Found a staircase to the Lair.
 11499 | D:11     | Noticed a two-headed ogre
 11564 | D:11     | Noticed a purple ugly thing
 11570 | D:11     | Noticed a boulder beetle
 11574 | D:11     | Killed a purple ugly thing
 11580 | D:11     | Killed a boulder beetle
 11581 | D:11     | Reached skill level 10 in Fighting
 11594 | D:11     | Noticed a boulder beetle
 11594 | D:11     | Slain by a boulder beetle

Illustrated notes

Levels and vault maps discovered:
D:1:      mrwooster_arrival_statue_2, layout_rooms,
          hellmonk_ecumenical_altar_arch_garden, minmay_misc_feat_square,
          corexii_leaking_fountain
D:2:      layout_basic, basic_altar, grunt_decor_junction, uniq_sigmund
D:3:      layout_loops_cross, grunt_decor_arrowhead, kennysheep_generic_room_5
D:4:      layout_cave_pools, kennysheep_generic_room_3
D:5:      layout_gridville, mainiacjoe_overflow_alcove_4,
          minmay_temple_entry_trees, serial_shops,
          nicolae_shop_temple_entry_statues_fountains
D:6:      layout_basic
D:7:      layout_loops_ring
D:8:      layout_cave_pools, nzn_random_ring, uniq_erica, uniq_grum
D:9:      layout_basic, orc_0_dummy, lemuel_another_geyser, uniq_erolcha
D:10:     layout_layer_cave
D:11:     layout_rooms, erik_lair_orcish_takeover, hangedman_decor_riveting,
          yredelemnul_forgotten_temple_becter, uniq_nergalle
Temple:   mainiacjoe_temple_circle_huts

Skill      XL: |  1  2  3  4  5  6  7  8  9 10 11 |
---------------+----------------------------------+-----
Axes           | 4 5 6 7 8 10 12 14 15 | 15.9
Armour         | 3 4 5 6 8 9 10 12 13 | 13.0
Fighting       | 4 6 9 10 | 10.1
Dodging        | |  2.6

Action                   |  1- 3 |  4- 6 |  7- 9 | 10-12 || total
-------------------------+-------+-------+-------+-------++-------
Melee: Hand axe          |    84 |    62 |       |       ||   146
       Headbutt          |    10 |    23 |    30 |    41 ||   104
       Punch             |     2 |     2 |     1 |       ||     5
       War axe           |       |    99 |    74 |       ||   173
       Battleaxe         |       |       |   105 |   172 ||   277
Invok: Berserk           |       |     2 |     4 |     5 ||    11
       Trog's Hand       |       |       |     1 |     2 ||     3
       Brothers in Arms  |       |       |       |     1 ||     1
Evoke: Wand              |     1 |       |     2 |     5 ||     8
  Use: Scroll            |     5 |     4 |     4 |     2 ||    15
       Potion            |       |       |     1 |     4 ||     5
Armor: Animal skin       |    17 |       |       |       ||    17
       Ring mail         |     6 |       |       |       ||     6
       Scale mail        |     5 |    40 |       |       ||    45
       Plate armour      |       |    55 |   106 |   166 ||   327
Dodge: Dodged            |    55 |    76 |    81 |   102 ||   314
       Repelled          |       |     1 |     2 |     1 ||     4

Table legend: (Time is in decaauts)
 A = Elapsed time spent in this place.
 B = Non-inter-level travel time spent in this place.
 C = Inter-level travel time spent in this place.
 D = Time resting spent in this place.
 E = Time spent auto-exploring this place.
 F = Levels seen in this place.
 G = Mean time per level.
                   A        B        C        D        E       F      G
               +--------+--------+--------+--------+--------+-----+--------+
         Total |  11737 |  11450 |    287 |   2533 |   7280 |  12 |  978.1 |
       Dungeon |  11390 |  11131 |    259 |   2533 |   6983 |  11 | 1035.5 |
        Temple |    346 |    318 |     28 |      0 |    297 |   1 |  346.0 |
               +--------+--------+--------+--------+--------+-----+--------+

Top non-repeatable levels by time:
    D:10: 1846 daAuts
     D:8: 1630 daAuts
     D:5: 1475 daAuts
     D:6: 1188 daAuts
     D:1: 1048 daAuts
     D:9: 975 daAuts
     D:7: 828 daAuts
     D:3: 808 daAuts
     D:4: 743 daAuts
     D:2: 712 daAuts
  Temple: 346 daAuts
    D:11: 133 daAuts
